 Dungeon Crawl Stone Soup version 0.25.1-2-g60ff931df9 (webtiles) character file.

Game seed: 18108985177816493276

49 ArchParadox the Shooter (level 4, -4/34 HPs)
             Began as a Human Hunter on Oct 10, 2020.
             Slain by Crazy Yiuf
             ... wielding a +2 quarterstaff of chaos
              (15 damage)
             ... on level 2 of the Dungeon.
             The game lasted 00:04:44 (2271 turns).

ArchParadox the Shooter (Human Hunter)              Turns: 2271, Time: 00:04:44

Health: -4/34      AC:  5    Str: 14    XL:     4   Next: 1%
Magic:  4/4        EV: 12    Int: 11    God:
Gold:   202        SH:  0    Dex: 13    Spells: 3/3 levels left

rFire    . . .     SeeInvis .   b - +0 short sword
rCold    . . .     Gourm    .   (no shield)
rNeg     . . .     Faith    .   u - +0 troll leather armour
rPois    .         Spirit   .   (no helmet)
rElec    .         Reflect  .   (no cloak)
rCorr    .         Harm     .   e - +0 pair of gloves
MR       .....                  (no boots)
Stlth    +.........             (no amulet)
HPRegen  0.51/turn              (no ring)
MPRegen  0.09/turn              (no ring)

@: no status effects
A: no striking features
a: no special abilities


You were on level 2 of the Dungeon.
You were not hungry.

You visited 1 branch of the dungeon, and saw 3 of its levels.

You collected 202 gold pieces.

Inventory:

Hand Weapons
 a - a +1 shortbow
 b - a +0 short sword (weapon)
 g - a +0 falchion
Missiles
 d - 35 arrows
 p - 23 poisoned darts (quivered)
 q - 18 bolts
Armour
 c - a +0 leather armour
 e - a +0 pair of gloves (worn)
 l - a +0 scale mail
 u - a +0 troll leather armour (worn)
Jewellery
 h - an uncursed ring of poison resistance
 o - an uncursed ring of protection from magic
Scrolls
 i - 2 scrolls of identify
 j - a scroll of enchant armour {unknown}
 m - 2 scrolls of magic mapping {unknown}
Potions
 k - a potion of mutation
 n - 3 potions of might
 r - a potion of brilliance {unknown}
 t - a potion of heal wounds {unknown}
Comestibles
 f - 5 rations


   Skills:
 + Level 2.7 Fighting
 * Level 2.6 Short Blades
 - Level 4.0 Bows
 - Level 2.0 Dodging
 - Level 1.0 Stealth


You had 3 spell levels left.
You didn't know any spells.
Your spell library was empty.

Dungeon Overview and Level Annotations

Branches:
Dungeon (3/15)

Altars:

Annotations:
D:2 Crazy Yiuf


Message History

Throwing (i - inventory)
p - 24 poisoned darts (quivered)
Press: ? - help, Shift-Dir - straight line, f - Crazy Yiuf
Aim: Crazy Yiuf, wielding a +2 quarterstaff of chaos and wearing a +0 cloak You throw a poisoned dart.
The poisoned dart hits Crazy Yiuf.
Crazy Yiuf is poisoned.
Crazy Yiuf grits, "Ten!"
Crazy Yiuf closely misses you.
You hit Crazy Yiuf.
Crazy Yiuf is moderately wounded.
Crazy Yiuf misses you.
You hit Crazy Yiuf but do no damage.
Crazy Yiuf is moderately wounded.
Crazy Yiuf hits you with a +2 quarterstaff of chaos!
Space bends around you.
You barely miss Crazy Yiuf.
Crazy Yiuf is moderately wounded.
Crazy Yiuf cries, "Fire forty-two leg!"
Crazy Yiuf hits you with a +2 quarterstaff of chaos!
You are electrocuted!
You die...

#.# #....).......#####
#.# #............# #.#
#............# #.####
##########...# #....#
##### #....# ########
#####....# ###
###.#.P..##### #........#
#...##..#.P.......#
#.####...#
#...g@####P.......# #.#
#....# #)..### ##P......#
#.###....# ### ####....#
#........# #....#
######...# #)...#
#...################....#
#...........#...........#
#######.........#..######
###############.##.#


You could see Crazy Yiuf (poisoned).

Vanquished Creatures
  Terence (D:2)
  An adder (D:2)
  A leopard gecko (D:2)
  3 bats
  2 giant cockroaches
  4 goblins
  2 hobgoblins
  A kobold (D:1)
  A rat (D:2)
16 creatures vanquished.

Notes
Turn   | Place    | Note
-------+----------+-------------------------------------------
     0 | D:1      | ArchParadox the Human Hunter began the quest for the Orb.
     0 | D:1      | Reached XP level 1. HP: 16/16 MP: 1/1
   246 | D:1      | You fall into a shaft and drop 1 floor!
   288 | D:3      | Noticed an orc priest
   472 | D:1      | Reached skill level 1 in Short Blades
   472 | D:1      | Reached XP level 2. HP: 19/22 MP: 2/2
  1187 | D:2      | Noticed Terence
  1227 | D:2      | Killed Terence
  1227 | D:2      | Reached XP level 3. HP: 8/28 MP: 3/3
  1897 | D:2      | Found a runed translucent door.
  1898 | D:2      | Noticed Crazy Yiuf
  1965 | D:2      | Reached XP level 4. HP: 29/34 MP: 4/4
  2271 | D:2      | Slain by Crazy Yiuf

Illustrated notes

Levels and vault maps discovered:
D:1:      dpeg_arrival_concentric_ovals, layout_basic, solitary_fountain
D:2:      layout_basic, uniq_crazy_yiuf_cottage, uniq_terence
D:3:      layout_rooms, lemuel_coloured_pillars_altar, first_ration,
          minivault_14

Skill      XL: |  1  2 |
---------------+-------+-----
Short Blades   | 1 2 |  2.6
Fighting       | |  2.7
Bows           | |  4.0
Dodging        | |  2.0
Stealth        | |  1.0

Action                   |  1- 3 |  4- 6 || total
-------------------------+-------+-------++-------
Melee: Short sword       |   124 |     3 ||   127
 Fire: Shortbow          |     2 |       ||     2
Throw: Dart              |     2 |     1 ||     3
  Use: Scroll            |       |     4 ||     4
 Stab: Sleeping          |     1 |       ||     1
  Eat: Chunk             |     3 |     1 ||     4
Armor: Scale mail        |    54 |       ||    54
       Leather armour    |     6 |       ||     6
       Troll leather arm |     3 |       ||     3
Dodge: Dodged            |    75 |     2 ||    77
